 Dungeon Crawl Stone Soup version 0.28.0-47-ge53b351184 (webtiles) character file.

Game seed: 4618923594200377875

4512 bobregger the Fighter (level 10, 0/110 (118) HPs)
             Began as an Ogre Berserker on May 1, 2022.
             Was a Priest of Trog.
             Slain by a wight
             ... wielding a +0 trident
              (9 damage)
             ... on level 8 of the Dungeon.
             The game lasted 00:09:11 (8377 turns).

bobregger the Fighter (Ogre Berserker)              Turns: 8377, Time: 00:09:11

HP:   0/110 (118)   AC:  5    Str: 23    XL:     10   Next: 39%
MP:   10/10         EV: 13    Int:  8    God:    Trog [***...]
Gold: 352           SH:  0    Dex: 12    Spells: 9/9 levels left

rFire   . . .      SeeInvis .   a - +2 flail (protect)
rCold   x . .      Faith    .   (no shield)
rNeg    + + .      Spirit   .   k - +2 robe of Demons {Rampage rC- rN++ rCorr}
rPois   .          Reflect  .   (helmet restricted)
rElec   .          Harm     .   (no cloak)
rCorr   +          Rampage  +   (gloves unavailable)
Will    +++..                   (boots unavailable)
Stlth   +.........              o - amulet of regeneration
HPRegen 2.08/turn               (no ring)
MPRegen 0.12/turn               (no ring)

@: strong-willed, on berserk cooldown, regenerating, slowed, drained, very slow
A: large, unfitting armour, tough skin 1
a: Renounce Religion, Berserk, Trog's Hand


You were on level 8 of the Dungeon.
You worshipped Trog.
Trog was most pleased with you.
You visited 1 branch of the dungeon, and saw 8 of its levels.

You collected 352 gold pieces.

Inventory:

Hand Weapons
 a - a +2 flail of protection (weapon)
 t - a +0 giant spiked club
Armour
 k - the +2 robe of Demons (worn) {Rampage rC- rN++ rCorr}
   (You found it on level 2 of the Dungeon)

   rC:        It makes you vulnerable to cold.
   rN:        It greatly protects you from negative energy.
   rCorr:     It protects you from acid and corrosion.
   Rampage:   It bestows one free step when moving towards enemies.
Jewellery
 o - an amulet of regeneration (around neck)
Wands
 w - a wand of charming (3)
 A - a wand of flame (19)
Scrolls
 b - a scroll of summoning {unknown}
 c - a scroll of immolation {unknown}
 d - 3 scrolls of vulnerability {unknown}
 f - 2 scrolls of acquirement {unknown}
 l - a scroll of teleportation {unknown}
 m - 5 scrolls of identify {unknown}
 p - 3 scrolls of amnesia {unknown}
 q - a scroll of enchant armour {unknown}
 s - 2 scrolls of enchant weapon {unknown}
 u - a scroll of fear {unknown}
 v - a scroll of magic mapping {unknown}
 y - a scroll of blinking {unknown}
Potions
 e - 2 potions of heal wounds {unknown}
 g - a potion of degeneration {unknown}
 h - 2 potions of haste {unknown}
 i - 2 potions of ambrosia {unknown}
 j - 7 potions of curing {unknown}
 n - 2 potions of attraction {unknown}
 r - a potion of lignification {unknown}
 x - a potion of magic {unknown}
 z - a potion of mutation {unknown}


   Skills:
 * Level 12.8 Fighting
 + Level 6.6 Maces & Flails
 * Level 9.1 Dodging


You had 9 spell levels left.
You didn't know any spells.
Your spell library was empty.

Dungeon Overview and Level Annotations

Branches:
Dungeon (8/15)             Temple (0/1) D:5
   Lair: D:8-11

Altars:
The Shining One

Shops:
D:3 [


Innate Abilities, Weirdness & Mutations

You are too large for most types of armour.
You have tough skin. (AC +1)


Message History

The bullfrog hits you but does no damage.
The wight hits you with a +0 trident.
The wight hits you from afar with a +4 trident!
* * * LOW HITPOINT WARNING * * *
You hit the bullfrog but do no damage.
Your weapon exudes an aura of protection.
The bullfrog is heavily wounded.
The bullfrog closely misses you. The wight hits you with a +3 falchion.
* * * LOW HITPOINT WARNING * * *
You partially resist. The wight closely misses you.
The bullfrog barely misses you.
The wight hits you from afar with a +4 trident.
* * * LOW HITPOINT WARNING * * *
The bullfrog misses you.
The wight hits you from afar with a +4 trident.
* * * LOW HITPOINT WARNING * * *
The bullfrog barely misses you.
The wight hits you from afar with a +0 trident.
* * * LOW HITPOINT WARNING * * *
You partially resist.
You feel drained. The bullfrog misses you. The bullfrog barely misses you.
The bullfrog hits you but does no damage.
The wight hits you from afar with a +0 trident.
* * * LOW HITPOINT WARNING * * *
You partially resist.
You feel drained. The bullfrog misses you. The wight closely misses you.
Things that are here:
a +3 battleaxe; a +0 robe; a +0 rapier The bullfrog barely misses you.
The wight hits you with a +3 falchion!
* * * LOW HITPOINT WARNING * * *
You partially resist.
You feel drained. The bullfrog hits you.
* * * LOW HITPOINT WARNING * * *
Things that are here:
a +3 morningstar; a +0 robe Your skin crawls.
You feel strong-willed. The bullfrog hits you.
* * * LOW HITPOINT WARNING * * *
The wight hits you from afar with a +0 trident!
You die...

#.........# #....
#.........##....#
#.........#....
#...........#
#.....<[.z# ###
#.....>.z.# ....
#......zz.#.....
#....zF))....?...
#.....@.).#......
##.......##......
##.....## .....
#####..# .....
#.... #.#. #.##.#
.# #.# .# #.# .
.# .


You could see a bullfrog and 5 wights.

Vanquished Creatures
  A troll (D:6)
  Grinder (D:6)
  4 yaks (D:5)
  Eustachio (D:6)
  3 steam dragons
  4 sky beasts
  2 black bears (D:5)
  2 orc warriors (D:5)
  An ice beast (D:7)
  2 ogres
  2 centaurs
  3 necrophages
  A bullfrog (D:7)
  3 scorpions
  2 water moccasin zombies
  A gnoll sergeant (D:6)
  2 water moccasin skeletons
  4 wights (D:8)
  A howler monkey (D:7)
  A bullfrog zombie (D:5)
  A gnoll shaman (D:7)
  2 hounds (D:5)
  3 orc priests (D:4)
  2 centaur skeletons (D:5)
  Natasha (thrice) (D:2)
  3 iguanas
  6 orc wizards
  A hound zombie (D:5)
  A hound skeleton (D:5)
  10 gnolls
  7 adders
  A shadow imp (D:6)
  A white imp (D:4)
  3 dart slugs
  A worm (D:3)
  22 orcs
  4 endoplasms
  2 giant cockroaches (D:1)
  5 goblins
  4 hobgoblins
  9 jackals
  6 kobolds
  A quokka (D:4)
  4 ball pythons
  6 bats
  3 frilled lizards
  6 rats
158 creatures vanquished.

Vanquished Creatures (others)
  A two-headed ogre (D:7)
  A wight (D:7)
  An adder (D:6)
3 creatures vanquished.

Grand Total: 161 creatures vanquished

Notes
Turn   | Place    | Note
-------+----------+-------------------------------------------
     0 | D:1      | bobregger the Ogre Berserker began the quest for the Orb.
     0 | D:1      | Reached XP level 1. HP: 24/24 MP: 1/1
   244 | D:1      | Reached XP level 2. HP: 32/32 MP: 2/2
   258 | D:1      | Found a faded altar of an unknown god.
   761 | D:1      | Reached XP level 3. HP: 37/40 MP: 3/3
   978 | D:2      | Reached ** piety under Trog
  1057 | D:2      | Noticed Natasha
  1068 | D:2      | Killed Natasha
  1069 | D:2      | Reached skill level 5 in Fighting
  1069 | D:2      | Reached XP level 4. HP: 50/50 MP: 4/4
  1193 | D:2      | Identified the +2 robe of Demons {Rampage rC- rN++ rCorr}
  1265 | D:2      | Noticed Natasha
  1395 | D:2      | Killed Natasha
  1473 | D:2      | Noticed Natasha
  1479 | D:2      | Killed Natasha
  1480 | D:2      | Reached XP level 5. HP: 53/57 MP: 5/5
  2126 | D:3      | Reached skill level 6 in Fighting
  2535 | D:3      | Found Fatyir's Antique Armour Boutique.
  2743 | D:4      | Reached XP level 6. HP: 67/67 MP: 6/6
  4448 | D:4      | Reached skill level 7 in Fighting
  4448 | D:4      | Reached skill level 5 in Dodging
  4448 | D:4      | Reached XP level 7. HP: 78/78 MP: 7/7
  4515 | D:5      | Entered Level 5 of the Dungeon
  4585 | D:5      | Found a staircase to the Ecumenical Temple.
  4935 | D:4      | Reached skill level 8 in Fighting
  5252 | D:4      | Reached XP level 8. HP: 58/88 MP: 8/8
  5661 | D:5      | Reached skill level 9 in Fighting
  6111 | D:5      | Found a glowing golden altar of the Shining One.
  6493 | D:5      | Reached skill level 5 in Maces & Flails
  6816 | D:6      | Reached skill level 10 in Fighting
  6816 | D:6      | Reached XP level 9. HP: 82/101 MP: 9/9
  7015 | D:6      | Noticed a troll
  7028 | D:6      | Killed a troll
  7049 | D:6      | Reached *** piety under Trog
  7086 | D:6      | Reached skill level 11 in Fighting
  7113 | D:6      | Noticed Grinder
  7116 | D:6      | Paralysed by Grinder for 2 turns
  7133 | D:6      | Killed Grinder
  7474 | D:6      | Noticed Eustachio
  7486 | D:6      | Killed Eustachio
  7487 | D:6      | Reached skill level 12 in Fighting
  7487 | D:6      | Reached XP level 10. HP: 107/115 MP: 10/10
  8271 | D:7      | Noticed a two-headed ogre
  8377 | D:8      | Slain by a wight

Illustrated notes

Levels and vault maps discovered:
D:1:      amcnicky_arrival_feature_with_door, layout_rooms,
          shapermc_ecumenical_altar_starsandcircs, minmay_misc_feat_x
D:2:      layout_loops_ring, uniq_natasha
D:3:      layout_rooms, serial_shops, nicolae_shop_crystal
D:4:      layout_basic, serial_curves, eino_curves_04, eino_curves_04,
          eino_curves_03, hangedman_abyss_or_decor_stagger
D:5:      layout_gridville, minmay_temple_entry_tees, minmay_ruined_shrine
D:6:      layout_cave_pools, uniq_grinder, uniq_eustachio
D:7:      layout_loops_cross
D:8:      layout_rooms, enter_bailey_5, minmay_starry_boxes

Skill      XL: |  1  2  3  4  5  6  7  8  9 10 |
---------------+-------------------------------+-----
Dodging        | 3 4 5 7 8 9 |  9.1
Maces & Flails | 3 4 5 6 |  6.6
Fighting       | 5 6 7 8 10 12 | 12.8

Action                   |  1- 3 |  4- 6 |  7- 9 | 10-12 || total
-------------------------+-------+-------+-------+-------++-------
Melee: Mace              |    72 |   176 |   179 |       ||   427
       Punch             |       |     2 |     3 |     2 ||     7
       Flail             |       |       |    92 |   135 ||   227
Invok: Berserk           |     1 |     6 |    10 |     2 ||    19
       Trog's Hand       |       |       |     1 |     1 ||     2
Evoke: Wand              |       |       |       |     1 ||     1
 Stab: Sleeping          |     1 |     1 |       |       ||     2
Armor: Animal skin       |    17 |     2 |       |       ||    19
       Robe              |       |    65 |   135 |    70 ||   270
Dodge: Dodged            |    34 |   111 |   226 |   128 ||   499
